 Dungeon Crawl Stone Soup version 0.18-a0-846-g91b95b1 (webtiles) character file.

4685 Gorice the Cleaver (level 10, -2/72 HPs)
             Began as an Octopode Wanderer on Dec 20, 2015.
             Was a Follower of Okawaru.
             Slain by a wolf (12 damage)
             ... led by Grum
             ... on level 9 of the Dungeon.
             The game lasted 00:38:11 (10707 turns).

Gorice the Cleaver (Octopode Wanderer)             Turns: 10707, Time: 00:38:12

Health: -2/72      AC:  1    Str: 12    XL:     10   Next: 44%
Magic:  0/10       EV: 20    Int: 14    God:    Okawaru [*.....]
Gold:   345        SH:  0    Dex: 15    Spells: 2 memorised, 5 levels left

rFire  + . .     SeeInvis .     O - +2 battleaxe
rCold  . . .     Gourm    .     (shield currently unavailable)
rNeg   . . .     Faith    .     (helmet restricted)
rPois  .         Spirit   +     i - amulet of guardian spirit
rElec  .         Dismiss  .     x - +3 ring of slaying
rCorr  .         Reflect  .     y - ring of protection from fire
SustAt .         Harm     .     (no ring)
MR     .....                    (no ring)
Stlth  ++++++....               (no ring)
                                (no ring)
                                (no ring)
                                (no ring)

@: heroism, not resistant to hostile enchantments, very stealthy
A: almost no armour, amphibious, 8 rings, constrict 8, camouflage 1, gelatinous
body 1
a: Heroism, Renounce Religion


You were on level 9 of the Dungeon.
You worshipped Okawaru.
Okawaru was aware of your devotion.
You were not hungry.

You visited 2 branches of the dungeon, and saw 10 of its levels.

You collected 462 gold pieces.
You spent 117 gold pieces at shops.

Inventory:

Hand Weapons
 a - a +1 war axe
 b - a +0 hunting sling
 e - a +0 dagger of venom
   (You found it on level 2 of the Dungeon)
 m - a +0 spear
 n - a +1 quarterstaff of crushing
   (You found it on level 6 of the Dungeon)
 r - a +2 hand axe
 M - a +0 glaive
 O - a +2 battleaxe (weapon)
Missiles
 p - 2 javelins
 s - 2 steel tomahawks
 t - 4 tomahawks
 v - 6 poisoned tomahawks (quivered)
 I - 27 sling bullets
 K - 48 poisoned needles
 Z - 407 stones
Jewellery
 i - an amulet of guardian spirit (around mantle)
 x - a +3 ring of slaying (left tentacle)
 y - a ring of protection from fire (right tentacle)
 W - an uncursed amulet of regeneration
Wands
 g - a wand of fire (4/15)
 G - a wand of teleportation (5/9) {!d}
 J - a wand of slowing (33/48)
 L - a wand of magic darts (20/48)
 U - a wand of fire (9/15)
 Y - a wand of flame (17/48)
Scrolls
 l - a scroll of recharging {unknown}
 z - 2 scrolls of remove curse
 A - a scroll of amnesia
 B - a scroll of fear {!r}
 E - 2 scrolls of teleportation {!r}
 N - a scroll of enchant armour
 P - a scroll of noise {!r}
 Q - a scroll of enchant weapon
 R - 2 scrolls of magic mapping {!r}
 T - a scroll of summoning {unknown}
Potions
 c - a potion of lignification {!q}
 f - 2 potions of might {!q}
 h - 3 potions of curing
 o - 4 potions of flight
 u - a potion of haste {!q}
 w - a potion of degeneration {unknown}
 C - 2 potions of agility {!q}
 H - 2 potions of brilliance {unknown}
 S - a potion of mutation {unknown}
Books
 D - a book of Air
 V - a book of Envenomations
Comestibles
 d - 6 bread rations {!e}
 j - 6 fruits
 k - 2 meat rations {!e}
 q - 5 beef jerkies
 F - 8 slices of pizza
 X - 3 chunks of flesh


   Skills:
 + Level 7.7(12.7) Fighting
 * Level 12.1(17.1) Axes
 - Level 3.0(8.0) Throwing
 + Level 6.6(11.6) Dodging
 - Level 4.1(9.1) Stealth


You had 5 spell levels left.
You knew the following spells:

 Your Spells              Type           Power        Failure   Level  Hunger
M - Repel Missiles        Chrm/Air       #.....       43%         2    ###....
S - Swiftness             Chrm/Air       #.......     43%         2    ###....


Dungeon Overview and Level Annotations

Branches:
Dungeon (9/15)             Temple (1/1) D:6
   Lair: D:8-11         Orc: D:9-12

Altars:
Ashenzari
Cheibriados
Dithmenos
Fedhas
Gozag
Kikubaaqudgha
Makhleb
Nemelex Xobeh
Okawaru
Pakellas
Qazlal
Ru
Sif Muna
Trog
Vehumet
Yredelemnul
Zin
The Shining One

Shops:
D:9 !

Annotations:
D:7 pUX: ice statue w loot, moth of wrath, exclusion: ice statue
D:9 Gastronok, Grum


Innate Abilities, Weirdness & Mutations

You cannot wear most types of armour.
You are amphibious.
You can wear up to eight rings at the same time.
You can use your tentacles to constrict eight enemies at once.
Your skin changes colour to match your surroundings (Stealth).
Your rubbery body absorbs attacks (AC +1).


Message History

You constrict Grum. Grum hits you with a spear!
Damage: 5 (max 5)
You hit Grum but do no damage.
Grum is almost dead.
You constrict Grum. The wolf bites you. Grum hits you with a spear.
Damage: 6 (max 6)
You release your grip on Grum.
The hound bites you but does no damage. Grum completely misses you.
You hit the hound. You grab the hound. You squeeze the hound.
The hound is heavily wounded.
You miss the wolf. You constrict the hound. The wolf closely misses you.
The hound misses you. The wolf misses you.
Unknown command.
You slice the wolf!! You grab the wolf. You squeeze the wolf.
You kill the wolf!
Okawaru accepts your kill.
You slash the hound!
You kill the hound!
Okawaru accepts your kill. Grum misses you. The wolf completely misses you.
You slice the wolf!!
You kill the wolf!
Okawaru accepts your kill. Grum hits you from afar with a spear.
Damage: 5 (max 6)
You barely miss the wolf. Your grab misses the wolf.
The wolf barely misses you. The wolf misses you.
Grum hits you from afar with a spear!
* * * LOW HITPOINT WARNING * * *
Damage: 9 (max 9)
The wolf completely misses you.
You see here a troll corpse.
You closely miss the wolf. Your grab misses the wolf.
Your squeeze misses the wolf. The wolf bites you!
* * * LOW HITPOINT WARNING * * *
Grum completely misses you. The wolf closely misses you.
Damage: 6 (max 9) Drink which item? (? for menu, Esc to quit)
You feel better. The wolf closely misses you.
Grum hits you from afar with a spear!
* * * LOW HITPOINT WARNING * * *
The wolf completely misses you.
Damage: 7 (max 9) Unknown command.
The wolf closely misses you. The wolf closely misses you.
Drink which item? (? for menu, Esc to quit)
You feel better. The wolf bites you!
You die...

......8.∩.8.####..# .>.#
#####..⌠.⌠....##.# ##.#...
##8.8.8.#....##.....).
##††....#............
#h###....)........## ###†#
###............. #...#
##.............
#..g####............#
#...h@..............#
##...####............##
##................#....#
#######.....####....###.####.#
.............................
#......#########.####.####..
#......# #..# #......)
#......# ####.########....
#......# #......##.....###


You could see Grum and a wolf.

Vanquished Creatures
  A troll (D:9)
  A human (D:7)
  A yak (D:7)
  A hippogriff (D:7)
  2 wolves (D:9)
  2 orc warriors (D:8)
  A phantom (D:5)
  2 sky beasts
  An ice beast (D:8)
  3 ogres
  4 centaurs
  A crocodile (D:8)
  9 giant frogs
  A wyvern zombie (D:7)
  A gnoll sergeant (D:8)
  4 scorpions
  10 wights
  A jelly (D:7)
  2 electric eels (D:7)
  2 orc priests
  7 crimson imps
  A quasit (D:9)
  A centaur skeleton (D:4)
  3 iguanas
  3 orc wizards
  2 hounds
  6 worker ants
  Natasha (thrice) (D:4)
  3 sheep (D:7)
  A hound zombie (D:5)
  2 worker ant zombies
  Robin (D:4)
  7 adders
  4 gnolls (D:8)
  2 shadow imps
  4 oozes
  2 adder skeletons
  An adder zombie (D:8)
  4 worms
  11 giant geckos
  30 orcs
  18 goblins
  11 hobgoblins
  7 quokkas
  A ball python (D:5)
  7 bats
  5 giant cockroaches
  6 giant newts
  23 jackals
  5 kobolds
  11 rats
242 creatures vanquished.

Notes
Turn   | Place    | Note
--------------------------------------------------------------
     0 | D:1      | Gorice the Octopode Wanderer began the quest for the Orb.
     0 | D:1      | Gorice set off with: a +2 hand axe, a scroll of teleportation {!r}, a potion of lignification {!q}, a bread ration {!e}
     0 | D:1      | Reached XP level 1. HP: 13/13 MP: 1/1
   148 | D:1      | HP: 3/13 [goblin/club (6)]
   156 | D:1      | Reached XP level 2. HP: 5/18 MP: 2/2
   547 | D:1      | Reached skill level 2 in Stealth
   748 | D:1      | Reached XP level 3. HP: 18/24 MP: 3/3
   983 | D:2      | Reached skill level 2 in Fighting
  1167 | D:2      | Reached XP level 4. HP: 25/29 MP: 4/4
  1170 | D:2      | Reached skill level 3 in Stealth
  1474 | D:2      | Reached skill level 2 in Throwing
  2099 | D:3      | Found a sacrificial altar of Ru.
  2155 | D:3      | Reached XP level 5. HP: 21/36 MP: 2/5
  2302 | D:3      | Found a shadowy altar of Dithmenos.
  2480 | D:3      | Reached skill level 3 in Fighting
  2941 | D:4      | Reached skill level 4 in Stealth
  3013 | D:4      | Noticed Natasha
  3070 | D:4      | Killed Natasha
  3070 | D:4      | Reached XP level 6. HP: 42/42 MP: 6/6
  3268 | D:4      | Noticed Natasha
  3275 | D:4      | Killed Natasha
  3520 | D:4      | Noticed Robin
  3548 | D:4      | Killed Robin
  3548 | D:4      | Reached skill level 3 in Throwing
  3835 | D:4      | Learned a level 2 spell: Repel Missiles
  3838 | D:4      | Learned a level 2 spell: Swiftness
  4125 | D:4      | Noticed Natasha
  4132 | D:4      | Killed Natasha
  4132 | D:4      | Reached skill level 1 in Dodging
  4306 | D:5      | Entered Level 5 of the Dungeon
  4429 | D:5      | Reached skill level 8 in Axes
  4429 | D:5      | Reached XP level 7. HP: 45/47 MP: 7/7
  4860 | D:5      | Reached skill level 4 in Fighting
  4860 | D:5      | Reached skill level 2 in Dodging
  5068 | D:5      | Found a radiant altar of Vehumet.
  5069 | D:5      | Found a burning altar of Makhleb.
  5226 | D:5      | HP: 8/48 [centaur (7)]
  5298 | D:5      | Reached XP level 8. HP: 36/54 MP: 6/8
  5440 | D:5      | Reached skill level 9 in Axes
  5440 | D:5      | Reached skill level 3 in Dodging
  5553 | D:6      | Found a stormy altar of Qazlal.
  5744 | D:6      | Reached skill level 5 in Fighting
  5827 | D:6      | Found a staircase to the Ecumenical Temple.
  5924 | D:6      | Found an oddly glowing altar of Pakellas.
  6124 | D:6      | Found a glowing silver altar of Zin.
  6125 | D:6      | Found an opulent altar of Gozag.
  6230 | D:7      | Reached skill level 4 in Dodging
  6423 | D:7      | Reached skill level 10 in Axes
  6423 | D:7      | Reached XP level 9. HP: 50/62 MP: 6/9
  6433 | D:7      | HP: 5/62 [yak (14)]
  6436 | D:7      | Reached skill level 6 in Fighting
  6920 | D:7      | HP: 18/62 [hippogriff (3)]
  6979 | D:7      | HP: 18/62 [giant frog (4)]
  6986 | D:7      | HP: 12/62 [giant frog (6)]
  6997 | D:8      | Reached skill level 5 in Dodging
  7200 | D:7      | Found an ancient bone altar of Kikubaaqudgha.
  7202 | D:7      | Found a blossoming altar of Fedhas.
  7682 | D:7      | Reached skill level 11 in Axes
  7727 | D:7      | Noticed an ice statue
  7900 | D:7      | Noticed a moth of wrath
  7903 | D:7      | Found a bloodstained altar of Trog.
  8333 | D:8      | HP: 13/63 [orc warrior/hand axe (16)]
  8334 | D:8      | HP: 5/63 [orc warrior/hand axe (8)]
  8340 | D:8      | HP: 9/63 [orc/war axe (2)]
  8746 | Temple   | Entered the Ecumenical Temple
  8984 | Temple   | Became a worshipper of Warmaster Okawaru
  9251 | D:8      | Reached skill level 7 in Fighting
  9273 | D:8      | Reached XP level 10. HP: 28/71 MP: 3/10
  9883 | D:8      | Reached skill level 6 in Dodging
 10024 | D:9      | Noticed Gastronok
 10475 | D:9      | Found Hihotwec's Distillery.
 10481 | D:9      | Reached * piety under Okawaru
 10671 | D:9      | Bought a potion of agility for 52 gold pieces
 10671 | D:9      | Bought a potion of heal wounds for 65 gold pieces
 10688 | D:9      | Reached skill level 12 in Axes
 10690 | D:9      | Noticed Grum
 10699 | D:9      | HP: 14/72 [Grum/spear (10)]
 10703 | D:9      | HP: 1/72 [Grum/spear (15)]
 10707 | D:9      | Slain by a wolf

Vault maps used:
D:1:      onia_arrival_handbag, minivault_14
D:3:      nicolae_ru_path_of_blood, lemuel_coloured_pillars_altar, wad_orctagon
D:4:      kennysheep_goblin_castle, uniq_natasha
D:5:      grunt_temple_overflow_lords_of_destruction, first_bread
D:6:      grunt_temple_overflow_gold_and_silver, grunt_pakellas_basics,
          grunt_qazlal_sundering, minmay_temple_entry_from_below_a
D:7:      statuecave_lemuel, grunt_temple_overflow_growth_and_decay,
          grunt_livestock, tgw_trog
D:8:      serial_glass, glass_columns_c, glass_columns_a
D:9:      amethyst_overflow_temple_binary, orc_0_dummy, serial_shops,
          nicolae_shop_temple_entry_statues_fountains, uniq_gastronok, uniq_grum
Temple:   minmay_temple_bridge_a_8

Action                   |  1- 3 |  4- 6 |  7- 9 | 10-12 || total
-------------------------+-------+-------+-------+-------++-------
Melee: Hand axe          |    68 |    28 |       |       ||    96
       War axe           |       |   124 |   140 |    58 ||   322
       Battleaxe         |       |       |    45 |    24 ||    69
Throw: Tomahawk          |       |       |     6 |       ||     6
       Javelin           |       |       |     4 |       ||     4
 Cast: Repel Missiles    |       |     1 |       |       ||     1
Invok: Heroism           |       |       |       |     2 ||     2
Evoke: Wand              |       |       |     3 |       ||     3
  Use: Scroll            |     5 |     7 |     1 |       ||    13
       Potion            |       |       |     4 |     2 ||     6
 Stab: Sleeping          |     2 |    18 |    23 |     1 ||    44
       Distracted        |       |     1 |       |       ||     1
  Eat: Chunk             |     1 |    10 |    16 |     4 ||    31

Table legend:
 A = Turns spent in this place as a percentage of turns spent in the entire game.
 B = Non-inter-level travel turns spent in this place as a percentage of non-inter-level travel turns spent in the entire game.
 C = Inter-level travel turns spent in this place as a percentage of turns spent in this place.
 D = Turns resting spent in this place as a percentage of non-inter-level travel turns spent in this place.
 E = Turns spent auto-exploring this place as a percentage of non-inter-level travel turns spent in this place.
 F = Non-inter-level travel turns spent in this place divided by the number of levels of this place that you've seen.
                   A       B       C       D       E      F
               +-------+-------+-------+-------+-------+----------------------
         Total | 100.0 | 100.0 |   0.5 |   3.0 |   5.9 | 322.4
       Dungeon |  98.7 |  98.7 |   0.5 |   3.1 |   5.9 | 353.7
        Temple |   1.3 |   1.3 |   4.7 |   0.0 |   2.4 |  41.0
               +-------+-------+-------+-------+-------+----------------------

Vault maps used:
D:1:      onia_arrival_handbag, minivault_14
D:3:      nicolae_ru_path_of_blood, lemuel_coloured_pillars_altar, wad_orctagon
D:4:      kennysheep_goblin_castle, uniq_natasha
D:5:      grunt_temple_overflow_lords_of_destruction, first_bread
D:6:      grunt_temple_overflow_gold_and_silver, grunt_pakellas_basics,
          grunt_qazlal_sundering, minmay_temple_entry_from_below_a
D:7:      statuecave_lemuel, grunt_temple_overflow_growth_and_decay,
          grunt_livestock, tgw_trog
D:8:      serial_glass, glass_columns_c, glass_columns_a
D:9:      amethyst_overflow_temple_binary, orc_0_dummy, serial_shops,
          nicolae_shop_temple_entry_statues_fountains, uniq_gastronok, uniq_grum
Temple:   minmay_temple_bridge_a_8
